 Dungeon Crawl Stone Soup version 0.30-a0-802-gb92711bcdf (webtiles) character file.

Game seed: 13784482080315733324

102 Pimp the Trooper (level 4, -1/41 HPs)
             Began as a Minotaur Monk on Feb 24, 2023.
             Succumbed to an orc's poison
             ... on level 3 of the Dungeon.
             The game lasted 00:04:01 (2041 turns).

Pimp the Trooper (Minotaur Monk)                    Turns: 2041, Time: 00:04:02

Health: -1/41      AC:  8    Str: 18    XL:     4   Next: 50%
Magic:  3/3        EV:  8    Int:  7    God:
Gold:   138        SH:  0    Dex: 12    Spells: 3/3 levels left

rFire   . . .      SeeInvis .    a - +0 falchion
rCold   . . .      Faith    .    (no shield)
rNeg    . . .      Spirit   .    o - +0 chain mail
rPois   .          Reflect  .    (helmet restricted)
rElec   .          Harm     .    (no cloak)
rCorr   .          Rampage  .    (no gloves)
Will    .....                    (no boots) Stlth
                                 (no amulet)
HPRegen 0.26/turn                (no ring)
MPRegen 0.08/turn                (no ring)

@: lethally poisoned (-1 -> -17)
A: horns 2, retaliatory headbutt
a: no special abilities


You were on level 3 of the Dungeon.
You visited 1 branch of the dungeon, and saw 3 of its levels.

You collected 138 gold pieces.

Inventory:

Hand Weapons
 a - a +0 falchion (weapon)
 q - a +0 scimitar
Missiles
 h - 5 javelins (quivered)
Armour
 o - a +0 chain mail (worn)
Scrolls
 b - a scroll of silence {unknown}
 d - a scroll of noise {unknown}
 f - a scroll of enchant armour {unknown}
 g - a scroll of identify {unknown}
 j - 4 scrolls of magic mapping {unknown}
 m - a scroll of torment {unknown}
Potions
 c - a potion of ambrosia
 e - a potion of haste {unknown}
 i - a potion of degeneration {unknown}
 k - 2 potions of curing {unknown}
 l - a potion of invisibility {unknown}
 n - a potion of brilliance {unknown}
 p - 4 potions of heal wounds {unknown}


   Skills:
 + Level 4.3 Fighting
 + Level 4.3 Long Blades
 + Level 2.0 Armour
 + Level 4.0 Dodging
 + Level 2.2 Stealth


You had 3 spell levels left.
You didn't know any spells.
Your spell library was empty.

Dungeon Overview and Level Annotations

Branches:
Dungeon (3/15)

Altars:
Ashenzari


Innate Abilities, Weirdness & Mutations

You have a pair of horns on your head.
You reflexively headbutt those who attack you in melee.


Message History

The endoplasm barely misses you. The goblin misses you.
You closely miss the goblin. You headbutt the goblin.
You kill the goblin!
The orc hits you but does no damage.
You are poisoned.
The endoplasm freezes you.
You are frozen.
The orc hits you but does no damage.
You are more poisoned.
The endoplasm hits you but does no damage.
You hit the dart slug.
The dart slug is moderately wounded.
You feel very sick. The dart slug launches a dart at you.
The slug dart hits you. The endoplasm barely misses you.
You furiously retaliate!
You headbutt the endoplasm.
You kill the endoplasm!
The orc hits you but does no damage.
You are lethally poisoned!
You hit the orc.
The orc is lightly wounded.
* * * LOW HITPOINT WARNING * * *
You feel extremely sick. The dart slug launches a dart at you.
The slug dart misses you. The orc barely misses you. You furiously retaliate!
You headbutt the orc. You hit the orc.
The orc is severely wounded.
* * * LOW HITPOINT WARNING * * *
You feel very sick. The orc hits you but does no damage.
You are more poisoned.
The dart slug bites you but does no damage.
You hit the orc.
You kill the orc!
* * * LOW HITPOINT WARNING * * *
You feel very sick.
Your Armour skill increases to level 2!
You hit the dart slug.
The dart slug is heavily wounded.
You die...

#......# ####......#
#.........# #.##.######
#.##.#### ## #.##....#
.####.#####.##############
.#....##.........)).......
.#.#####........@w†.......
.#.# #...................
...####...................
........................$.
..........................
#.....##..................
#.....#<.................o
#.....#.................
#...........########...


You could see a dart slug.

Vanquished Creatures
  4 adders
  2 worms
  An orc (D:3)
  5 ball pythons
  4 endoplasms
  3 giant cockroaches
  4 goblins
  7 hobgoblins
  9 jackals
  A quokka (D:2)
  3 bats
  4 frilled lizards
  5 kobolds
  3 rats
55 creatures vanquished.

Notes
Turn   | Place    | Note
-------+----------+-------------------------------------------
     0 | D:1      | Pimp the Minotaur Monk began the quest for the Orb.
     0 | D:1      | Reached XP level 1. HP: 19/19 MP: 0/0
   231 | D:1      | Reached XP level 2. HP: 25/27 MP: 1/1
  1000 | D:1      | Reached skill level 1 in Armour
  1117 | D:2      | Reached XP level 3. HP: 33/33 MP: 2/2
  1578 | D:2      | Reached XP level 4. HP: 31/40 MP: 3/3
  1863 | D:3      | Found a broken altar of Ashenzari.
  2041 | D:3      | Succumbed to an orc's poison

Illustrated notes

Levels and vault maps discovered:
D:1:      dpeg_arrival_morbid_curiosity, layout_basic
D:2:      layout_rooms
D:3:      layout_basic, nicolae_overflow_squiral, mainiacjoe_overflow_alcove_4,
          kennysheep_generic_room_15

Skill      XL: |  1  2  3  4 |
---------------+-------------+-----
Armour         | 1 2 |  2.0
Fighting       | 4 |  4.3
Long Blades    | 4 |  4.3
Stealth        | 2 |  2.2
Dodging        | 4 |  4.0

Action                     |  1- 3 |  4- 6 || total
---------------------------+-------+-------++-------
  Melee: Falchion          |    86 |    38 ||   124
         Headbutt          |     7 |     6 ||    13
   Stab: Sleeping          |     2 |       ||     2
 Armour: Robe              |     4 |       ||     4
         Leather armour    |     1 |       ||     1
         Ring mail         |    20 |       ||    20
         Chain mail        |    23 |    23 ||    46
  Dodge: Dodged            |    44 |    19 ||    63

Table legend: (Time is in decaauts)
 A = Elapsed time spent in this place.
 B = Non-inter-level travel time spent in this place.
 C = Inter-level travel time spent in this place.
 D = Time resting spent in this place.
 E = Time spent auto-exploring this place.
 F = Levels seen in this place.
 G = Mean time per level.
                   A        B        C        D        E       F      G
               +--------+--------+--------+--------+--------+-----+--------+
         Total |   2052 |   1929 |    123 |     76 |   1338 |   3 |  684.0 |
       Dungeon |   2052 |   1929 |    123 |     76 |   1338 |   3 |  684.0 |
               +--------+--------+--------+--------+--------+-----+--------+

Top non-repeatable levels by time:
     D:1: 1091 daAuts
     D:2: 650 daAuts
     D:3: 311 daAuts
